 Dungeon Sprint DCSS version 0.30-a0-1043-g60ff8d5f49 (webtiles) character file.

Game seed: 14560308211629554057

6900000 Danienth the Fire Dragon (level 21, -43/224 HPs)
             Began as a Purple Draconian Fire Elementalist on Apr 10, 2023.
             Was the Champion of Makhleb.
             Annihilated by a meat berserker
             ... wielding a +9 battleaxe
              (76 damage)
             ... in the Dungeon (Sprint VIII: "Arena of Blood").
             The game lasted 00:06:50 (69 turns).

Danienth the Fire Dragon (DrFE)                       Turns: 69, Time: 00:06:50

Health: -43/224    AC: 11    Str: 10    XL:     21   Next: 74%
Magic:  15/52      EV: 34    Int: 18    God:    Makhleb [******]
Gold:   0          SH:  0    Dex: 21    Spells: 73/74 levels left

rFire   . . .      SeeInvis .    g - +∞ Axe of Woe
rCold   . . .      Faith    .    (shield currently unavailable)
rNeg    . . .      Spirit   .    (body armour unavailable)
rPois   .          Reflect  .    (helmet restricted)
rElec   .          Rampage  .    (no cloak)
rCorr   .          NoTele   +    (no gloves)
Will    +++..                    (no boots)
Stlth   ++++++++++               (no amulet)
HPRegen 0.57/turn                (no ring)
MPRegen 0.33/turn                (no ring)

@: hasted and slowed
A: breathe power, AC +11, unfitting armour, cold-blooded
a: Breathe Dispelling Energy, Renounce Religion, Minor Destruction, Lesser
Servant of Makhleb, Major Destruction, Greater Servant of Makhleb


You were in the Dungeon.
You worshipped Makhleb.
Makhleb was exalted by your worship.
You visited 1 branch

Inventory:

Hand Weapons
 g - the +∞ Axe of Woe (weapon)
   (You found it in the Dungeon)
Scrolls
 f - a scroll of blinking
Potions
 a - 3 potions of magic
 b - a potion of curing
 c - a potion of heal wounds
 e - a potion of berserk rage


   Skills:
 O Level 27 Fighting
 + Level 12.5(14.6) Short Blades
 + Level 12.5(14.6) Long Blades
 O Level 27 Axes
 + Level 12.5(22.4) Maces & Flails
 + Level 12.5(22.4) Polearms
 + Level 12.5(16.4) Staves
 + Level 11.5 Ranged Weapons
 + Level 11.5 Throwing
 O Level 27 Dodging
 O Level 27 Stealth
 + Level 12.5 Shields
 + Level 12.5 Unarmed Combat
 O Level 27 Spellcasting
 O Level 27 Conjurations
 + Level 13.5 Hexes
 + Level 12.5 Summonings
 + Level 12.5 Necromancy
 + Level 12.5 Translocations
 + Level 12.5 Transmutations
 O Level 27 Fire Magic
 + Level 12.5 Ice Magic
 + Level 12.5 Air Magic
 + Level 12.5 Earth Magic
 + Level 12.5 Poison Magic
 + Level 13.5 Invocations
 + Level 13.5 Evocations


You had 73 spell levels left.
You knew the following spells:

 Your Spells              Type           Power      Damage    Failure   Level
a - Foxfire               Conj/Fire      100%       2x1d9     0%          1

Your spell library contained the following spells:

 Spells                   Type           Power      Damage    Failure   Level
 Scorch                   Fire           100%       2d9       0%          2
 Inner Flame              Hex/Fire       77%        N/A       0%          3
 Volatile Blastmotes      Fire/Tloc      100%       2d18      0%          3
 Flame Wave               Conj/Fire      88%        2d19      0%          4


Dungeon Overview and Level Annotations

Branches:
Dungeon (1/1)

Altars:
Makhleb


Innate Abilities, Weirdness & Mutations

You can breathe bolts of dispelling energy.
Your rich purple scales are hard. (AC +11)
You cannot fit into any form of body armour.
You are cold-blooded and may be slowed by cold attacks.


Message History

* * * LOW HITPOINT WARNING * * *
You hear a shout! x2
A tyrant comes into view.
The destroyer shouts!
The meat beast gives a loud, deep croak!
You slice the bag of meat!!
You slaughter the bag of meat joyfully.
You kill the bag of meat!
Makhleb accepts your kill.
You feel better.
You hit the tyrant but do no damage.
You dissect the tyrant like a pig carcass.
You destroy the tyrant!
Makhleb accepts your kill.
The large abomination disappears in a puff of smoke!
The tentacled monstrosity disappears in a puff of smoke!
The large abomination disappears in a puff of smoke! x2
You hit the bag of meat.
You dissect the bag of meat like a pig carcass.
You kill the bag of meat!
Makhleb accepts your kill.
You feel better.
You hear a shout!
The destroyer gestures at you while chanting.
The destroyer blinks!
The destroyer casts a spell at you.
The destroyer blinks!
You hear a shout! x2
A bag of meat comes into view. It is wielding a +9 war axe.
The accursed casts a spell at you. Something smites you!
The meat beast barely misses you. The meat beast tramples you.
* * * LOW HITPOINT WARNING * * *
You stumble backwards!
You hear a shout!
The dread calls on the powers of darkness!
The meat berserker convulses!
The bag of meat convulses! x2
Your body is wracked with pain!
* * * LOW HITPOINT WARNING * * *
The meat berserker convulses! x2; The bag of meat convulses! x5
The meat berserker hits you with a +9 battleaxe!!!!
You die...

#.......# #...
#.o...oW# ..
....###... ...###...
....M....###.W..X.L.
.#.......)_......X..
.......#OX§.X#.X....
....W..#_X§V§#.X.X..
...W..O#§VL)X#X..X..
#o..o.2@OX§.XL.....
V.MoO..o)###X.......
.o..###...§...###...
..o #o..V...# .. .
#...)...#
oz....M.§2.....
.O........M....
.§o.....L......#
.V...........##..


You could see 3 accurseds, 3 tentacled monstrosities, 2 meat beasts, 3 tyrants,
3 destroyers, 5 large abominations, 4 dreads, 4 meat berserkers and 7 bags of
meat.

Vanquished Creatures
  Sigmund (D)
  A royal mummy (D)
  3 vampire knights (D)
  6 ogres (D)
  2 two-headed ogres (D)
  2 liches (D)
  24 orcs (D)
  4 skeletal warriors (D)
43 creatures vanquished.

Notes
Turn   | Place    | Note
-------+----------+-------------------------------------------
     0 | D        | Found the +∞ Axe of Woe
     0 | D        | Danienth the Draconian Fire Elementalist began the quest
                  | for the Orb.
     0 | D        | Reached XP level 1. HP: 14/14 MP: 3/3
     1 | D        | Noticed a bag of meat
     3 | D        | Became a worshipper of Makhleb the Destroyer
     7 | D        | Noticed a bag of meat
     8 | D        | Noticed a bag of meat
     8 | D        | Noticed a bag of meat
    10 | D        | Noticed a bag of meat
    11 | D        | Killed a bag of meat
    11 | D        | Noticed a bag of meat
    11 | D        | Noticed a bag of meat
    12 | D        | Reached XP level 2. HP: 20/20 MP: 3/14
    12 | D        | Reached XP level 3. HP: 26/26 MP: 3/15
    12 | D        | Reached XP level 4. HP: 33/33 MP: 3/17
    12 | D        | Reached XP level 5. HP: 38/38 MP: 3/18
    12 | D        | Reached XP level 6. HP: 45/45 MP: 3/20
    12 | D        | Your scales start taking on a rich purple colour.
    12 | D        | Reached XP level 7. HP: 50/50 MP: 3/23
    12 | D        | Reached XP level 8. HP: 57/57 MP: 3/25
    12 | D        | Reached XP level 9. HP: 62/62 MP: 3/26
    12 | D        | Reached XP level 10. HP: 69/69 MP: 3/27
    12 | D        | Killed a bag of meat
    12 | D        | Noticed a meat berserker
    12 | D        | Noticed a bag of meat
    13 | D        | Reached skill level 1 in Fighting
    13 | D        | Reached skill level 5 in Axes
    13 | D        | Reached skill level 10 in Dodging
    13 | D        | Reached skill level 10 in Stealth
    13 | D        | Reached skill level 15 in Spellcasting
    13 | D        | Reached XP level 11. HP: 48/77 MP: 3/30
    13 | D        | Killed a bag of meat
    13 | D        | Reached * piety under Makhleb
    13 | D        | Noticed a bag of meat
    14 | D        | Reached XP level 12. HP: 36/88 MP: 3/32
    14 | D        | Killed a bag of meat
    14 | D        | Killed a meat berserker
    14 | D        | Reached ** piety under Makhleb
    14 | D        | Noticed a bag of meat
    14 | D        | Noticed a bag of meat
    14 | D        | HP: 2/88 [bag of meat/+9 war axe (35)]
    15 | D        | Reached skill level 10 in Axes
    15 | D        | Reached skill level 5 in Conjurations
    15 | D        | Reached XP level 13. HP: 2/99 MP: 4/35
    15 | D        | Killed a bag of meat
    15 | D        | Noticed a bag of meat
    15 | D        | Noticed a bag of meat
    15 | D        | Noticed a bag of meat
    16 | D        | Reached skill level 5 in Fighting
    16 | D        | Reached XP level 14. HP: 3/107 MP: 4/37
    16 | D        | Noticed a meat berserker
    16 | D        | Killed a bag of meat
    17 | D        | Reached skill level 27 in Fire Magic
    17 | D        | Noticed a large bag of meat
    17 | D        | Killed a bag of meat
    17 | D        | Reached *** piety under Makhleb
    17 | D        | Killed a bag of meat
    17 | D        | Killed a bag of meat
    17 | D        | Noticed a large bag of meat
    17 | D        | Noticed a bag of meat
    18 | D        | Reached skill level 15 in Axes
    18 | D        | Reached XP level 15. HP: 48/124 MP: 5/41
    19 | D        | Reached skill level 15 in Stealth
    19 | D        | Killed a large bag of meat
    19 | D        | Reached **** piety under Makhleb
    20 | D        | Killed a meat berserker
    21 | D        | Reached XP level 16. HP: 41/141 MP: 5/44
    21 | D        | Killed a large bag of meat
    21 | D        | Reached ***** piety under Makhleb
    22 | D        | Reached skill level 15 in Fighting
    22 | D        | Noticed a meat berserker
    23 | D        | Killed a meat berserker
    24 | D        | Noticed a destroyer
    26 | D        | Reached skill level 27 in Axes
    26 | D        | Reached skill level 27 in Spellcasting
    26 | D        | Reached XP level 17. HP: 162/162 MP: 7/48
    27 | D        | Reached skill level 10 in Conjurations
    29 | D        | Reached ****** piety under Makhleb
    31 | D        | Noticed a sculptor of flesh
    32 | D        | Reached XP level 18. HP: 192/192 MP: 8/49
    32 | D        | Noticed a sculptor of flesh
    32 | D        | Noticed a sculptor of flesh
    33 | D        | Noticed a sculptor of flesh
    34 | D        | Killed a destroyer
    36 | D        | Killed a sculptor of flesh
    36 | D        | Killed a sculptor of flesh
    37 | D        | Reached skill level 27 in Fighting
    37 | D        | Reached skill level 27 in Dodging
    39 | D        | Noticed a destroyer
    40 | D        | Killed a sculptor of flesh
    42 | D        | Killed a sculptor of flesh
    43 | D        | Noticed a tyrant
    44 | D        | Noticed a tyrant
    44 | D        | Noticed a tyrant
    45 | D        | Noticed a tentacled monstrosity
    45 | D        | Noticed a tentacled monstrosity
    45 | D        | Noticed a tentacled monstrosity
    46 | D        | Killed a destroyer
    47 | D        | Reached skill level 27 in Stealth
    51 | D        | Noticed a tyrant
    51 | D        | Noticed a meat berserker
    51 | D        | Noticed an accursed
    51 | D        | Noticed a destroyer
    54 | D        | Reached XP level 19. HP: 153/207 MP: 12/50
    54 | D        | Killed a tyrant
    56 | D        | Noticed The Captor
    56 | D        | Killed a destroyer
    57 | D        | Reached skill level 27 in Conjurations
    57 | D        | Noticed a meat berserker
    57 | D        | Noticed an accursed
    58 | D        | Noticed a meat berserker
    59 | D        | Noticed a destroyer
    59 | D        | Noticed a destroyer
    60 | D        | Killed The Captor
    60 | D        | Noticed a meat berserker
    60 | D        | Noticed an accursed
    61 | D        | Reached skill level 10 in Hexes
    61 | D        | Reached skill level 10 in Invocations
    61 | D        | Reached skill level 10 in Evocations
    61 | D        | Reached XP level 20. HP: 190/216 MP: 13/51
    61 | D        | Noticed a large bag of meat
    61 | D        | Noticed a meat berserker
    61 | D        | Noticed an accursed
    62 | D        | Noticed a dread
    62 | D        | Noticed an accursed
    62 | D        | Noticed a meat berserker
    63 | D        | Killed an accursed
    64 | D        | Reached skill level 10 in Ranged Weapons
    64 | D        | Reached skill level 10 in Throwing
    64 | D        | Reached XP level 21. HP: 196/224 MP: 14/52
    64 | D        | Noticed a destroyer
    67 | D        | Noticed a dread
    67 | D        | Noticed a meat beast
    67 | D        | Noticed an accursed
    67 | D        | Noticed a dread
    67 | D        | Noticed a destroyer
    68 | D        | Noticed a meat beast
    68 | D        | Noticed a destroyer
    68 | D        | Noticed a tyrant
    69 | D        | Noticed a dread
    69 | D        | Killed a tyrant
    69 | D        | Annihilated by a meat berserker

Illustrated notes

Levels and vault maps discovered:
D:        meatsprint

Skill      XL: |  1  2  3  4  5  6  7  8  9 10 11 12 13 14 15 16 17 18 19 20 21 |
---------------+----------------------------------------------------------------+-----
Axes           | 4 5 6 10 11 15 20 27 | 27.0
Dodging        | 9 10 11 13 16 18 20 24 27 | 27.0
Stealth        | 8 10 12 14 16 18 20 27 | 27.0
Spellcasting   | 11 13 15 16 18 19 22 24 27 | 27.0
Conjurations   | 3 4 5 6 8 9 11 21 27 | 27.0
Fire Magic     | 18 21 22 25 26 27 | 27.0
Fighting       | 1 2 4 5 9 12 17 24 27 | 27.0
Short Blades   | 9 11 12 | 12.5
Long Blades    | 9 11 12 | 12.5
Maces & Flails | 9 11 12 | 12.5
Polearms       | 9 11 12 | 12.5
Staves         | 9 11 12 | 12.5
Ranged Weapons | 9 10 11 | 11.5
Throwing       | 9 10 11 | 11.5
Shields        | 9 11 12 | 12.5
Unarmed Combat | 9 11 12 | 12.5
Hexes          | 10 12 13 | 13.5
Summonings     | 9 11 12 | 12.5
Necromancy     | 9 11 12 | 12.5
Translocations | 9 11 12 | 12.5
Transmutations | 9 11 12 | 12.5
Ice Magic      | 9 11 12 | 12.5
Air Magic      | 9 11 12 | 12.5
Earth Magic    | 9 11 12 | 12.5
Poison Magic   | 9 11 12 | 12.5
Invocations    | 10 12 13 | 13.5
Evocations     | 10 12 13 | 13.5

Action                     |  1- 3 |  4- 6 |  7- 9 | 10-12 | 13-15 | 16-18 | 19-21 || total
---------------------------+-------+-------+-------+-------+-------+-------+-------++-------
  Melee: Executioner's axe |     1 |       |       |     3 |     6 |    14 |    10 ||    34
    Use: Potion            |       |       |       |       |       |     1 |       ||     1
  Dodge: Dodged            |     1 |       |       |       |       |       |     1 ||     2

Table legend: (Time is in decaauts)
 A = Elapsed time spent in this place.
 B = Non-inter-level travel time spent in this place.
 C = Inter-level travel time spent in this place.
 D = Time resting spent in this place.
 E = Time spent auto-exploring this place.
 F = Levels seen in this place.
 G = Mean time per level.
                   A        B        C        D        E       F      G
               +--------+--------+--------+--------+--------+-----+--------+
         Total |     54 |     54 |      0 |      0 |      0 |   1 |   54.0 |
       Dungeon |     54 |     54 |      0 |      0 |      0 |   1 |   54.0 |
               +--------+--------+--------+--------+--------+-----+--------+

Top non-repeatable levels by time:
       D: 54 daAuts
